 Dungeon Crawl Stone Soup version 0.30.0-15-g856e2d3f33 (webtiles) character file.

Game seed: 8457320234738627103

175 qw the Chopper (level 5, -3/32 HPs)
             Began as a Gargoyle Fighter on May 20, 2023.
             Killed by divine providence
             ... invoked by an orc priest
              (13 damage)
             ... on level 3 of the Dungeon.
             The game lasted 00:01:19 (2560 turns).

qw the Chopper (Gargoyle Fighter)                   Turns: 2560, Time: 00:01:20

Health: -3/32      AC: 15    Str: 21    XL:     5   Next: 55%
Magic:  5/5        EV:  7    Int:  9    God:
Gold:   134        SH:  4    Dex:  9    Spells: 4/4 levels left

rFire   . . .        Y - +0 war axe
rCold   . . .        c - +0 buckler
rNeg    + . .        o - +0 chain mail
rPois   inf          n - +0 helmet {SInv}
rElec   +            (no cloak)
rCorr   .            (no gloves)
SInv    +            h - +0 pair of boots
Will    .....        (no amulet) Stlth
                     (no ring)
HPRegen 0.25/turn    (no ring)
MPRegen 0.09/turn

%: no passive effects
@: no status effects
A: sickness immunity, AC +4, negative energy resistance 1, electricity
resistance, torment resistance 1, petrification resistance
a: no special abilities


You were on level 3 of the Dungeon.
You visited 1 branch of the dungeon, and saw 3 of its levels.

You collected 134 gold pieces.


Innate Abilities, Weirdness & Mutations

You are immune to sickness and miasma.
Your stone body is resilient. (AC +4)
You are immune to poison.
You resist negative energy. (rN+)
You are resistant to electric shocks. (rElec)
You are resistant to unholy torment.
You are immune to petrification.


   Skills:
 + Level 3.4 Fighting
 - Level 5.0 Axes
 - Level 3.2 Armour
 - Level 3.2 Shields


You had 4 spell levels left.
You didn't know any spells.
Your spell library was empty.

Inventory:

Hand Weapons
 l - a +0 flail
 Y - a +0 war axe (weapon)
Missiles
 f - 6 boomerangs (quivered)
Armour
 b - a +1 ring mail of cold resistance
 c - a +0 buckler (worn)
 h - a +0 pair of boots (worn)
 n - a +0 helmet of see invisible (worn)
 o - a +0 chain mail (worn)
Jewellery
 a - a ring of resist corrosion
Scrolls
 p - 2 scrolls of identify
Potions
 d - a potion of might
 g - a potion of ambrosia {unknown}
 i - a potion of invisibility {unknown}
 k - a potion of heal wounds {unknown}
 m - 2 potions of brilliance {unknown}

Dungeon Overview and Level Annotations

Branches:
Dungeon (3/15)

Altars:
Hepliaklqana
Yredelemnul
The Shining One


Message History

A jackal comes into view.
Enter note:
Enter note:
2514 ||| Stepping ~*~*~tactically~*~*~ (stealth).
The jackal barks!
You throw a boomerang.
The boomerang closely misses the jackal.
The jackal barely misses you.
You slash the jackal!
You kill the jackal!
You see here a jackal corpse.
A bat comes into view.
You closely miss the bat. The bat closely misses you.
The bat hits you but does no damage. The bat hits you but does no damage.
The bat hits you but does no damage.
You slash the bat!
You kill the bat!
The orc priest calls down the wrath of Beogh upon you.
Pain shoots through your body!
You slash the orc priest!
The orc priest is heavily wounded.
The orc priest hits you but does no damage.
You hit the orc priest.
The orc priest is severely wounded.
The orc priest hits you but does no damage.
You closely miss the orc priest.
The orc priest is severely wounded.
You block the orc priest's attack.
The orc priest hits you with a +0 short sword.
You barely miss the orc priest.
The orc priest is severely wounded.
The orc priest mumbles some strange prayers to Beogh against you.
Beogh smites you!
Ouch! That really hurt!
You closely miss the orc priest.
The orc priest is severely wounded.
The orc priest mumbles some strange prayers to Beogh against you.
Beogh smites you!
You die...

#.# ##### #.....#
#.# #.....# ##'##
.....# ##...##
....# #.%...##
####..# .......##
##.##)#
........####.).#.#
........'......)o#
........####...#@#
.......## ##.##.#
#.....## ####.#
##...## #.# ##'#
#.# #.##########
#.#
#.##.......###.#
##%##.#.........#
##...#.#.###.#####


You could see an orc priest.

Vanquished Creatures
  2 gnolls (D:1)
  5 adders
  2 worms
  3 dart slugs
  4 orcs (D:3)
  5 ball pythons
  3 endoplasms
  A giant cockroach (D:1)
  3 goblins
  4 hobgoblins
  11 jackals
  4 quokkas
  10 bats
  2 frilled lizards
  7 kobolds
  6 rats
72 creatures vanquished.

Vanquished Creatures (others)
  An orc wizard (D:3)
1 creature vanquished.

Grand Total: 73 creatures vanquished

Notes
Turn   | Place    | Note
-------+----------+-------------------------------------------
     0 | D:1      | qw the Gargoyle Fighter began the quest for the Orb.
     0 | D:1      | Reached XP level 1. HP: 14/14 MP: 1/1
     0 | D:1      | 0 ||| qw: Version: 0.2-a-97-g6b18286
     0 | D:1      | 0 ||| qw: Game counter: 4
     0 | D:1      | 0 ||| qw: Always use a shield: true
     0 | D:1      | 0 ||| qw: God list: Okawaru
     0 | D:1      | 0 ||| qw: Allow faded altars: false
     0 | D:1      | 0 ||| qw: Do Orc after D:15 true
     0 | D:1      | 0 ||| qw: Do second Lair branch before Depths: true
     0 | D:1      | 0 ||| qw: Lair rune preference: random
     0 | D:1      | 0 ||| qw: Plans: Normal, Zot:1-4, God:TSO, Crypt, Tomb,
                  | Pan, Slime:5, Hells, Abyss, Win
     0 | D:1      | 0 ||| PLANNING D:1-11
    10 | D:1      | 10 ||| Stepping ~*~*~tactically~*~*~ (stealth).
    12 | D:1      | 12 ||| Stepping ~*~*~tactically~*~*~ (hiding).
    21 | D:1      | Reached skill level 2 in Axes
    24 | D:1      | Reached XP level 2. HP: 13/19 MP: 2/2
   110 | D:1      | 110 ||| Stepping ~*~*~tactically~*~*~ (stealth).
   129 | D:1      | 129 ||| Stepping ~*~*~tactically~*~*~ (stealth).
   302 | D:1      | Reached skill level 3 in Axes
   316 | D:1      | Found a faded altar of an unknown god.
   318 | D:1      | 318 ||| Stepping ~*~*~tactically~*~*~ (stealth).
   323 | D:1      | Reached XP level 3. HP: 23/23 MP: 3/3
   347 | D:1      | 347 ||| Stepping ~*~*~tactically~*~*~ (stealth).
   350 | D:1      | 350 ||| Stepping ~*~*~tactically~*~*~ (stealth).
   650 | D:1      | Reached XP level 4. HP: 9/28 MP: 4/4
   728 | D:1      | 728 ||| DROPPING +0 whip.
   853 | D:1      | 853 ||| UPGRADING to +0 helmet.
   858 | D:1      | 858 ||| READING 2 scrolls labelled COLAINNEUFI.
   862 | D:1      | 862 ||| READING scroll labelled YSHRIGI OKKIU.
   863 | D:1      | 863 ||| READING scroll labelled QUFOUMPIULL.
   992 | D:2      | Reached skill level 4 in Axes
  1747 | D:2      | 1747 ||| UPGRADING to +0 pair of boots.
  1752 | D:2      | 1752 ||| UPGRADING to +0 helmet of see invisible.
  1762 | D:2      | 1762 ||| DROPPING +0 helmet.
  1763 | D:2      | 1763 ||| UPGRADING to +0 chain mail.
  1773 | D:2      | 1773 ||| DROPPING +0 scale mail.
  1774 | D:2      | 1774 ||| READING scroll labelled RURHIETWIX.
  1775 | D:2      | 1775 ||| READING scroll labelled VISEONAHOEH.
  1929 | D:3      | Reached XP level 5. HP: 32/32 MP: 5/5
  1972 | D:3      | 1972 ||| Stepping ~*~*~tactically~*~*~ (stealth).
  2004 | D:3      | HP: 7/32 [orc wizard/magic dart (9)]
  2005 | D:3      | 2005 ||| READING scroll of teleportation.
  2302 | D:3      | Reached skill level 5 in Axes
  2326 | D:3      | Found a faded altar of an unknown god.
  2326 | D:3      | Found a hazy altar of Hepliaklqana.
  2333 | D:3      | Found a glowing golden altar of the Shining One.
  2335 | D:3      | Found a faded altar of an unknown god.
  2337 | D:3      | Found a basalt altar of Yredelemnul.
  2450 | D:3      | Identified the +4 robe of Repulsion {Dex+3}
  2514 | D:3      | 2514 ||| Stepping ~*~*~tactically~*~*~ (stealth).
  2560 | D:3      | Killed from afar by an orc priest

Levels and vault maps discovered:
D:1:      wander_arrival_abandoned_jail, layout_loops_cross,
          shapermc_ecumenical_altar_mp_ritualfount
D:2:      layout_basic
D:3:      layout_loops_corners, mainiacjoe_overflow_chevrons,
          chequers_temple_overflow_minitemple, corexii_leaking_fountain

Skill      XL: |  1  2  3  4  5 |
---------------+----------------+-----
Axes           | 2 3 4 5 |  5.0
Fighting       | |  3.4
Armour         | |  3.2
Shields        | |  3.2

Action                     |  1- 3 |  4- 6 || total
---------------------------+-------+-------++-------
  Melee: War axe           |    80 |   121 ||   201
  Throw: Boomerang         |    21 |    53 ||    74
    Use: Scroll            |       |     6 ||     6
 Armour: Scale mail        |    45 |    18 ||    63
         Chain mail        |       |    64 ||    64
  Dodge: Dodged            |    40 |    47 ||    87
  Block: Buckler           |    22 |    12 ||    34

Table legend:
 A = Non-vault XP
 B = Vault XP
 C = Vault XP percentage of total XP
 D = Non-vault monster count
 E = Vault monster count
 F = Vault count percentage of total count
                 A         B        C        D         E       F
            +---------+---------+-------+---------+---------+-------
      Total |     250 |       0 |   0.0 |      73 |       0 |   0.0
            +---------+---------+-------+---------+---------+-------
        D:1 |      84 |       0 |   0.0 |      32 |       0 |   0.0
        D:2 |      39 |       0 |   0.0 |      15 |       0 |   0.0
        D:3 |     127 |       0 |   0.0 |      26 |       0 |   0.0
            +---------+---------+-------+---------+---------+-------
